 Dungeon Crawl Stone Soup version 0.28-a0-1152-g9c71ebef14 (webtiles) character file.

Game seed: 492101380789882242

32 spaghetti the Covert (level 3, 0/26 HPs)
             Began as an Octopode Delver on Dec 14, 2021.
             Slain by a gnoll (5 damage)
             ... on level 4 of the Dungeon.
             The game lasted 00:01:53 (718 turns).

spaghetti the Covert (Octopode Delver)               Turns: 718, Time: 00:01:54

Health: 0/26       AC:  1    Str: 11    XL:     3   Next: 25%
Magic:  3/3        EV: 13    Int: 14    God:
Gold:   39         SH:  0    Dex: 13    Spells: 2/2 levels left

rFire   . . .      SeeInvis .   a - +0 short sword {short}
rCold   . . .      Faith    .   (no shield)
rNeg    . . .      Spirit   .   (helmet restricted)
rPois   .          Reflect  .   (no amulet)
rElec   .          Harm     .   (no ring)
rCorr   .          Rampage  .   (no ring)
Will    .....                   (no ring)
Stlth   +++++.....              (no ring)
HPRegen 0.08/turn               (no ring)
MPRegen 0.08/turn               (no ring)
                                (no ring)
                                (no ring)

@: hasted, very quick
A: almost no armour, amphibious, 8 rings, camouflage 1, gelatinous body 1,
(nimble swimmer 1), tentacles
a: no special abilities


You were on level 4 of the Dungeon.
You visited 1 branch of the dungeon, and saw 2 of its levels.

You collected 39 gold pieces.


Innate Abilities, Weirdness & Mutations

You cannot wear most types of armour.
You are amphibious.
You can wear up to eight rings at the same time.
Your skin changes colour to match your surroundings (Stealth+).
Your rubbery body absorbs attacks. (AC +1, EV +1)
((You are camouflaged near water. (Stealth+)))
You have tentacles for arms and can constrict up to eight enemies at once.


   Skills:
 - Level 3.0 Fighting
 - Level 2.0 Short Blades
 - Level 2.0 Dodging
 + Level 8.0 Stealth


You had 2 spell levels left.
You didn't know any spells.
Your spell library was empty.

Inventory:

Hand Weapons
 a - a +0 short sword (weapon) {short}
Missiles
 c - 37 stones (quivered) {throwing}
 i - 20 arrows
Armour
 j - a scarf of repulsion
   (You found it on level 5 of the Dungeon)
Wands
 f - a wand of digging (3)
 h - a wand of paralysis (6)
   (You found it on level 4 of the Dungeon)
Scrolls
 b - a scroll of fog
 d - a scroll of identify {unknown}

Dungeon Overview and Level Annotations

Branches:
Dungeon (5/15)
 Temple: D:4-7

Altars:
Dithmenos

Portals:
Sewer: D:5

.### ... ## ##.## .#
##...## .# ##.....#####
##.# .#
##.......#..####@####.##.
....._...g.gg.#..#.P#....#
##.
#.......#####g..#≈≈≈P...#
#... ##.....##
##$..≈≈♣≈...####..##
###..g## ##..≈......##...#
# ##.##.##
##..##.........### #
#...#.# ...## ###.....###
# . #.g.# ...##
#.......#### .###.##
.....###....##..##.


You could see a gnoll.


Message History

You hit the hobgoblin.
You constrict the hobgoblin, but do no damage.
The hobgoblin misses you. 😨 HP[+1]
You hit the hobgoblin.
You kill the hobgoblin!
The ufetubus closely misses you. The ufetubus misses you.
You miss the ufetubus. Your grab misses the ufetubus.
Your squeeze misses the ufetubus. The ufetubus hits you.
* * * LOW HITPOINT WARNING * * *
The ufetubus hits you.
* * * LOW HITPOINT WARNING * * *
The ufetubus misses you.
The ufetubus barely misses you. 😱 HP[-5]
You take 5 damage, and now have 5/26 hp.
It was a potion of might.
You feel very mighty all of a sudden. The ufetubus misses you.
The ufetubus hits you.
* * * LOW HITPOINT WARNING * * *
😱 HP[-4]
You take 4 damage, and now have 1/26 hp.
Okay, then.
Aiming: Paralyse
Press: ? - help, Shift-Dir - straight line, f - ufetubus
Aim: an ufetubus (chance to affect: 54%)
The ufetubus suddenly stops moving!
The helpless ufetubus fails to defend itself.
You impale the ufetubus!!
You kill the ufetubus!
Your Stealth skill increases to level 8!
You start resting.
You feel a little less mighty now.
A hobgoblin comes into view. 😱 HP[+5]
You regained 5 hp, and now have 6/26 hp.
A hobgoblin is nearby! 😨 HP[+1]
A dart slug comes into view.
You now have 39 gold pieces (gained 9). 😨 HP[+1]
There are no items here.
You start resting.
A hobgoblin is nearby! 😮 HP[+6]
You regained 6 hp, and now have 14/26 hp.
A gnoll comes into view. It is wielding a +0 flail.
The gnoll shouts!
You hear a shout!
A gnoll comes into view. It is wielding a +0 club.
A gnoll shaman comes into view.
It is wielding a +0 club. 😮 HP[+1] 3 gnolls come into view.
The gnoll moves out of view.
Okay, then.
As you read the scroll of fear, it crumbles to dust.
You assume a fearsome visage.
The gnoll shaman looks frightened!
The gnoll looks frightened!
The gnoll shouts!
The gnoll looks frightened! x2
The gnoll shouts!
The gnoll looks frightened!
The gnoll shouts!
You hear a loud, deep croak! 😮 HP[+1] 😮 HP[+1]
A hobgoblin is nearby! 😕 HP[+5]
You regained 5 hp, and now have 22/26 hp. 😕 HP[+1]
A hobgoblin is nearby! 😕 HP[+2]
You regained 2 hp, and now have 25/26 hp. 😎 HP[+1]
Your hp is fully restored (26).
A gnoll comes into view.
It is wielding a +0 spear. 2 gnolls come into view.
The gnoll shouts! x3; You hear a shout!
The gnoll hits you with a +0 spear! 😮 HP[-10]
You take 10 damage, and now have 16/26 hp.
MASSIVE DAMAGE!! (PAUSE) Unknown command.
The gnoll barely misses you.
Found a shadowy altar of Dithmenos. 😮 HP[+1]
The gnoll hits you from afar with a +0 spear!
* * * LOW HITPOINT WARNING * * *
😨 HP[-8]
You take 8 damage, and now have 9/26 hp.
MASSIVE DAMAGE!! (PAUSE)
You see here a scroll labelled RAERUU PIFAU.
d - a scroll labelled RAERUU PIFAU The gnoll hits you from afar with a +0 spear.
* * * LOW HITPOINT WARNING * * *
😱 HP[-5]
You take 5 damage, and now have 4/26 hp.
Okay, then.
Okay, then.
You feel yourself speed up. 😱 HP[+1]
The gnoll hits you from afar with a +0 spear.
You die...

Skill      XL: |  1  2  3 |
---------------+----------+-----
Stealth        | 7 8 |  8.0
Fighting       | |  3.0
Short Blades   | |  2.0
Dodging        | |  2.0

Action                   || total
-------------------------++-------
Melee: Short sword       ||    23
       Tentacles         ||     3
       Constrict         ||     3
Evoke: Wand              ||     1
  Use: Scroll            ||     2
       Potion            ||     2
 Stab: Sleeping          ||     1
       Paralysed         ||     1
Armor: Skin              ||     1
Dodge: Dodged            ||    14

Levels and vault maps discovered:
D:4:      layout_layer_cave, lemuel_round_altar,
          nicolae_wu_jian_immortal_techniques, minivault_24,
          serial_bayou_pond_d, minmay_bent
D:5:      layout_loops_ring, nicolae_overflow_hidden_temple,
          cheibrodos_sewer_entry_drain, minmay_curled_crystal

Notes
Turn   | Place    | Note
-------+----------+-------------------------------------------
     0 | D:5      | spaghetti the Octopode Delver began the quest for the Orb.
     0 | D:5      | Reached XP level 1. HP: 16/16 MP: 1/1
     0 | D:5      | magus.rc [v1.9.6]
   115 | D:5      | Reached skill level 7 in Stealth
   115 | D:5      | Reached XP level 2. HP: 21/21 MP: 2/2
   119 | D:5      | Found a glowing drain.
   267 | D:4      | Reached XP level 3. HP: 11/26 MP: 3/3
   381 | D:4      | HP: 5/26 [ufetubus (3)]
   382 | D:4      | HP: 1/26 [ufetubus (4)]
   385 | D:4      | Reached skill level 8 in Stealth
   701 | D:4      | Found a shadowy altar of Dithmenos.
   712 | D:4      | HP: 4/26 [gnoll (5)]
   718 | D:4      | Slain by a gnoll

Vanquished Creatures
  A howler monkey skeleton (D:4)
  An adder (D:5)
  An ufetubus (D:4)
  2 goblins (D:4)
  2 hobgoblins (D:4)
  A ball python (D:4)
  A kobold (D:4)
9 creatures vanquished.

Table legend:
 A = Non-vault XP
 B = Vault XP
 C = Vault XP percentage of total XP
 D = Non-vault monster count
 E = Vault monster count
 F = Vault count percentage of total count
                 A         B        C        D         E       F
            +---------+---------+-------+---------+---------+-------
      Total |      26 |      20 |  43.5 |       5 |       4 |  44.4
            +---------+---------+-------+---------+---------+-------
        D:4 |      13 |      20 |  60.6 |       4 |       4 |  50.0
        D:5 |      13 |       0 |   0.0 |       1 |       0 |   0.0
            +---------+---------+-------+---------+---------+-------

Illustrated notes

Table legend:
 A = Kills in this place as a percentage of kills in entire the game.
 B = Kills by you in this place as a percentage of kills by you in the entire game.
 C = Kills by friends in this place as a percentage of kills by friends in the entire game.
 D = Other kills in this place as a percentage of other kills in the entire game.
 E = Experience gained in this place as a percentage of experience gained in the entire game.
 F = Experience gained in this place divided by the number of levels of this place that you have seen.
                   A       B       C       D       E      F
               +-------+-------+-------+-------+-------+----------------------
         Total | 100.0 | 100.0 |   N/A |   N/A | 100.0 |  23.0
       Dungeon | 100.0 | 100.0 |   N/A |   N/A | 100.0 |  23.0
               +-------+-------+-------+-------+-------+----------------------

Table legend: (Time is in decaauts)
 A = Elapsed time spent in this place.
 B = Non-inter-level travel time spent in this place.
 C = Inter-level travel time spent in this place.
 D = Time resting spent in this place.
 E = Time spent auto-exploring this place.
 F = Levels seen in this place.
 G = Mean time per level.
                   A        B        C        D        E       F      G
               +--------+--------+--------+--------+--------+-----+--------+
         Total |    718 |    702 |     16 |    351 |    165 |   2 |  359.0 |
       Dungeon |    718 |    702 |     16 |    351 |    165 |   2 |  359.0 |
               +--------+--------+--------+--------+--------+-----+--------+

Top non-repeatable levels by time:
     D:4: 577 daAuts
     D:5: 141 daAuts
